 Dungeon Crawl Stone Soup version 0.29-a0-234-g0dae59b3db (webtiles) character file.

Game seed: 15987546393586965568

0 spaghetti the Sneak (level 1, -7/16 HPs)
             Began as an Octopode Delver on Mar 3, 2022.
             Was an Initiate of Cheibriados (penitent).
             Mangled by a phantom (10 damage)
             ... on level 5 of the Dungeon.
             The game lasted 00:00:38 (253 turns).

spaghetti the Sneak (Octopode Delver)                Turns: 253, Time: 00:00:39

Health: -7/16      AC:  1    Str: 11    XL:     1   Next: 0%
Magic:  1/1        EV: 13    Int: 12    God:    Cheibriados [......]
Gold:   0          SH:  0    Dex: 13    Spells: 0/0 levels left

rFire   . . .      SeeInvis .   a - +0 falchion {long}
rCold   . . .      Faith    .   (no shield)
rNeg    . . .      Spirit   .   (helmet restricted)
rPois   .          Reflect  .   (no amulet)
rElec   .          Harm     .   (no ring)
rCorr   .          Rampage  .   (no ring)
Will    .....                   (no ring)
Stlth   ++++......              (no ring)
HPRegen 0.05/turn               (no ring)
MPRegen 0.07/turn               (no ring)
                                (no ring)
                                (no ring)

@: hasted, quick
A: almost no armour, amphibious, 8 rings, camouflage 1, gelatinous body 1,
(nimble swimmer 1), tentacles
a: Renounce Religion


You were on level 5 of the Dungeon.
You worshipped Cheibriados.
Cheibriados was demanding penance.
You visited 2 branches of the dungeon, and saw 2 of its levels.


Innate Abilities, Weirdness & Mutations

You cannot wear most types of armour.
You are amphibious.
You can wear up to eight rings at the same time.
Your skin changes colour to match your surroundings (Stealth+).
Your rubbery body absorbs attacks. (AC +1, EV +1)
((You are camouflaged when in or above water. (Stealth+)))
You have tentacles for arms and can constrict up to eight enemies at once.


   Skills:
 - Level 3.0 Fighting
 - Level 2.0 Long Blades
 - Level 2.0 Dodging
 + Level 6.6 Stealth


You couldn't memorise any spells.
You didn't know any spells.
Your spell library was empty.

Inventory:

Hand Weapons
 a - a +0 falchion (weapon) {long}
Wands
 f - a wand of digging (3)
Scrolls
 b - a scroll of fog

Dungeon Overview and Level Annotations

Branches:
Dungeon (5/15)             Temple (1/1) D:5

Altars:
Cheibriados
Dithmenos
Gozag
Nemelex Xobeh
Okawaru
Qazlal
Ru
Sif Muna
Trog
Uskayaw
Zin

Annotations:
D:5 Pikel

*,*,,,,,,,,,,,,,,,,..............
*,*,,,,,,....5,..................
*,*,,,,,,.....,..K....?..........
,,*,,,,,,..(..!,#....,.......#...
,,,*,,,,,...h..,#.5.###...#.##$#.
,,,,*,,,,,#<..5###K..#...##.#....
,,,,***,,**..............##......
,,,,,,,,,,,,,#.....#.............
,,,****,**,**#..@W.###...##......
,,** *,**,..#.....#.........####
*******,**.......S......#.#.##,,,
*,,,,,...SS.###.l......###,,,,
*,,,,,......,#..........#,,,,,
*,,,,,.$....,#.........##,,,_,
*,,,,,.....,............#,,,,,
*,,,,,.(..######.....####*,,,,
*,,,,,,,,,,,>,,......#**,**,,,


You could see Pikel, a phantom, 3 lemures, an iguana (fleeing), a hound
(fleeing) and 3 adders.


Message History

🤖 Initializing magus.rc ...
Options error: Delay interrupt name "hungry" not recognised. (~/.crawlrc:4761) Options error: Bad monster_list_colour key: strict_neutral (~/.crawlrc:4776) ✅ Successfully initialized magus.rc [v1.9.6] Welcome, spaghetti the Octopode Delver.
You feel drawn to the Orb of Zot, downwards into the unfathomable depths...
Press ? for a list of commands and other information.
Found 13 gold pieces.
Found a stone staircase leading down and a stone staircase leading up.
Unknown command.
Really read
c - a scroll of magic mapping {!r}?
As you read the scroll of magic mapping {!r}, it crumbles to dust.
You feel aware of your surroundings.
You sensed 1 altar.
Unknown command. 2 adders come into view.
The adder moves out of view.
A hound comes into view.
Pikel, Merchant of Souls comes into view.
He is wielding a +1 whip of freezing.
An iguana comes into view.
Found a staircase to the Ecumenical Temple.
The adder hisses angrily.
A lemure and a phantom come into view.
Found 25 stones.
Found a stone staircase leading up.
An adder comes into view.
A lemure comes into view.
The lemure shouts!
The adder hisses angrily.
The hound barks!
A lemure comes into view.
The lemure moves out of view.
The iguana hisses angrily.
You hear a shout!
There is a staircase to the Ecumenical Temple here.
The adder bites you.
You climb downwards.
Welcome to the Ecumenical Temple!
Found a shadowy altar of Dithmenos and a bloodstained altar of Trog.
There is a staircase back to the Dungeon here. 😕 HP[-2]
You take 2 damage, and now have 14/16 hp.
Unknown command.
Key pressed, stopping explore.
Found a sacrificial altar of Ru. 😎 HP[+2]
Your hp is fully restored (16).
Found a sparkling altar of Nemelex Xobeh.
Found a hide-covered altar of Uskayaw.
Found a stormy altar of Qazlal.
There is a stormy altar of Qazlal here.
Found a glowing silver altar of Zin.
Found an opulent altar of Gozag.
There is a shadowy altar of Dithmenos here.
Found a shimmering blue altar of Sif Muna.
Found a snail-covered altar of Cheibriados.
There is a snail-covered altar of Cheibriados here.
Found an iron altar of Okawaru.
Search for what [? for help]?
Okay, then.
Okay, then.
There is a snail-covered altar of Cheibriados here.
You curl up in front of the altar of Cheibriados.
Cheibriados welcomes you!
Cheibriados begins to support your attributes as your movement slows.
Cheibriados is now slowing the effects of poison on you.
(D) Dungeon (T) Temple
Where to? (Enter - D:5 @ (x,y), ? - help)
There is a staircase back to the Dungeon here.
You climb upwards.
Level annotation: Pikel Pikel shouts!
The ufetubus shouts!
You hear a shout!
The adder hisses angrily.
The hound closely misses you. The adder bites you. The adder barely misses you.
The hound bites you.
* * * LOW HITPOINT WARNING * * *
The phantom completely misses you. The adder closely misses you.
The adder bites you.
* * * LOW HITPOINT WARNING * * *
There is a staircase to the Ecumenical Temple, spattered with blood here. 😱 HP[-13]
You take 13 damage, and now have 3/16 hp.
MASSIVE DAMAGE!! (PAUSE) Unknown command.
As you read the scroll of fear, it crumbles to dust.
You assume a fearsome visage.
The lemure looks frightened! x2
The ufetubus looks frightened!
The hound looks frightened!
The iguana looks frightened!
The adder looks frightened!
The phantom is unaffected.
The adder looks frightened! x2
A lemure comes into view.
The phantom hits you but does no damage.
Okay, then.
Okay, then.
Really quaff the potion of haste?
This action would place you under penance!
You feel yourself speed up.
Cheibriados thinks you should slow down.
You feel extremely guilty. "You will pay for your transgression, mortal!"
The phantom hits you!
Ouch! That really hurt!
You die...

Action                   || total
-------------------------++-------
  Use: Scroll            ||     2
       Potion            ||     1
Armor: Skin              ||     1
Dodge: Dodged            ||     4

Levels and vault maps discovered:
D:5:      layout_rooms, lemuel_round_altar, minmay_temple_entry_tees,
          serial_aquarium, aquarium_bridge_square [aquarium_subvault_wall,
          aquarium_subvault_wall, aquarium_subvault_bridge,
          aquarium_subvault_wall], aquarium_bridge_island_small
          [aquarium_subvault_small_water, aquarium_subvault_bridge,
          aquarium_subvault_bridge, aquarium_subvault_wall,
          aquarium_subvault_window], aquarium_window_1, aquarium_window_2,
          aquarium_view_2c, corner_web_ring, minmay_manual_mares, uniq_pikel
Temple:   dpeg_chambers_temple

Notes
Turn   | Place    | Note
-------+----------+-------------------------------------------
     0 | D:5      | spaghetti the Octopode Delver began the quest for the Orb.
     0 | D:5      | Reached XP level 1. HP: 16/16 MP: 1/1
     0 | D:5      | magus.rc [v1.9.6]
    10 | D:5      | Noticed a hound
    11 | D:5      | Noticed Pikel
    12 | D:5      | Noticed an iguana
    14 | D:5      | Found a staircase to the Ecumenical Temple.
    15 | D:5      | Noticed a lemure
    15 | D:5      | Noticed a phantom
    18 | D:5      | Noticed a lemure
    18 | D:5      | Noticed a lemure
    20 | Temple   | Entered the Ecumenical Temple
   237 | Temple   | Became a worshipper of Cheibriados the Contemplative
   251 | D:5      | HP: 3/16 [adder (4)]
   252 | D:5      | Noticed a lemure
   253 | D:5      | Was placed under penance by Cheibriados
   253 | D:5      | Mangled by a phantom

Vanquished Creatures (others)
  10 fungi (D:5)
10 creatures vanquished.

Table legend:
 A = Non-vault XP
 B = Vault XP
 C = Vault XP percentage of total XP
 D = Non-vault monster count
 E = Vault monster count
 F = Vault count percentage of total count
                 A         B        C        D         E       F
            +---------+---------+-------+---------+---------+-------
      Total |       0 |       0 |   N/A |       0 |       0 |  -nan
            +---------+---------+-------+---------+---------+-------
            +---------+---------+-------+---------+---------+-------

Illustrated notes

Table legend: (Time is in decaauts)
 A = Elapsed time spent in this place.
 B = Non-inter-level travel time spent in this place.
 C = Inter-level travel time spent in this place.
 D = Time resting spent in this place.
 E = Time spent auto-exploring this place.
 F = Levels seen in this place.
 G = Mean time per level.
                   A        B        C        D        E       F      G
               +--------+--------+--------+--------+--------+-----+--------+
         Total |    256 |    232 |     24 |      0 |    195 |   2 |  128.0 |
       Dungeon |     22 |     14 |      8 |      0 |      0 |   1 |   22.0 |
        Temple |    234 |    218 |     16 |      0 |    195 |   1 |  234.0 |
               +--------+--------+--------+--------+--------+-----+--------+

Top non-repeatable levels by time:
  Temple: 234 daAuts
     D:5: 22 daAuts
